 Dungeon Crawl Stone Soup version 0.26.0-10-g1f06aea511 (webtiles) character file.

Game seed: 12198698158566364275

126 jmlagarto the Shield-Bearer (level 4, -10/44 HPs)
             Began as a Troll Fighter on Jan 14, 2021.
             Killed by divine providence
             ... invoked by an orc priest
              (12 damage)
             ... on level 3 of the Dungeon.
             The game lasted 00:04:20 (1894 turns).

jmlagarto the Shield-Bearer (Troll Fighter)         Turns: 1894, Time: 00:04:20

Health: -10/44     AC:  6    Str: 25    XL:     4   Next: 84%
Magic:  3/3        EV:  8    Int:  4    God:
Gold:   143        SH: 11    Dex:  9    Spells: 3/3 levels left

rFire    . . .     SeeInvis .     - Unarmed
rCold    . . .     Faith    .   b - +2 kite shield
rNeg     . . .     Spirit   .   a - +0 robe
rPois    .         Reflect  .   (helmet restricted)
rElec    .         Harm     .   (no cloak)
rCorr    .         Rampage  .   (gloves unavailable)
Will     .....                  (boots unavailable)
Stlth    +.........             (no amulet)
HPRegen  0.54/turn              (no ring)
MPRegen  0.08/turn              (no ring)

@: mighty
A: large, unfitting armour, claws 3, regeneration 1, shaggy fur 1, tough skin 3
a: no special abilities


You were on level 3 of the Dungeon.
You visited 1 branch of the dungeon, and saw 3 of its levels.

You collected 143 gold pieces.

Inventory:

Missiles
 g - 5 boomerangs (quivered)
 h - 8 poisoned darts
Armour
 a - a +0 robe (worn)
 b - a +2 kite shield (worn)
Wands
 d - a wand of enslavement (6)
Scrolls
 e - 3 scrolls of remove curse
 f - a scroll of blinking {unknown}
 j - a scroll of enchant weapon
 k - a scroll of random uselessness {unknown}
 l - a scroll of identify
Potions
 i - a potion of resistance {unknown}


   Skills:
 + Level 2.8 Fighting
 + Level 3.1 Dodging
 + Level 0.1 Stealth
 + Level 3.3 Shields
 + Level 3.1 Unarmed Combat


You had 3 spell levels left.
You didn't know any spells.
Your spell library was empty.

Dungeon Overview and Level Annotations

Branches:
Dungeon (3/15)

Altars:


Innate Abilities, Weirdness & Mutations

You are too large for most types of armour.
You have claws for hands.
Your natural rate of healing is unusually fast.
You are covered in fur. (AC +1)
You have extremely tough skin. (AC +3)


Message History

The bat hits you but does no damage. The orc barely misses you.
You block the bat's attack.
You mangle the bat!!
You kill the bat!
You block the orc's attack.
The orc priest invokes the aid of Beogh against you.
Beogh smites you!
* * * LOW HITPOINT WARNING * * *
You block the orc's attack.
You claw the orc!
You kill the orc!
The adder bites you.
* * * LOW HITPOINT WARNING * * *
The orc priest looks satisfied for a moment.
You closely miss the adder. The adder bites you but does no damage.
You mangle the adder!!
You kill the adder!
The orc priest mumbles some strange prayers to Beogh against you.
Beogh smites you!
You die...

#........#.....#
#........#.....#
..........###..#
........#..# .##
#.[......#.#
#........#.#
##.....#.#..
##...##)##..
#### #†@# .#
##)# #o# #....#
..##.# #... #
..#. #.. .# ...
.#


You could see an orc priest.

Vanquished Creatures
  4 adders
  2 ufetubi (D:2)
  2 worms
  3 dart slugs
  2 leopard geckos (D:2)
  3 orcs (D:3)
  3 giant cockroaches
  4 goblins
  8 hobgoblins
  7 jackals
  6 kobolds
  3 quokkas
  A ball python (D:1)
  5 bats
  2 frilled lizards
  21 rats
76 creatures vanquished.

Notes
Turn   | Place    | Note
-------+----------+-------------------------------------------
     0 | D:1      | jmlagarto the Troll Fighter began the quest for the Orb.
     0 | D:1      | Reached XP level 1. HP: 22/22 MP: 0/0
   131 | D:1      | Reached XP level 2. HP: 29/29 MP: 1/1
   826 | D:1      | Reached XP level 3. HP: 36/36 MP: 2/2
  1392 | D:2      | Reached XP level 4. HP: 37/44 MP: 3/3
  1892 | D:3      | HP: 1/44 [adder (4)]
  1894 | D:3      | Killed from afar by an orc priest

Illustrated notes

Levels and vault maps discovered:
D:1:      heliophobic_arrival_battle_scene, layout_basic,
          roderic_serpentine_path, feat_on_display
D:2:      layout_basic, minmay_rat_hole
D:3:      layout_rooms, gammafunk_ghost_abyssal_escape, uniq_terence

Skill      XL: |  1  2  3  4 |
---------------+-------------+-----
Shields        | 3 |  3.3
Dodging        | 3 |  3.1
Unarmed Combat | 3 |  3.1
Fighting       | |  2.8
Stealth        | |  0.1

Action                   |  1- 3 |  4- 6 || total
-------------------------+-------+-------++-------
Melee: Unarmed           |   116 |    86 ||   202
  Use: Scroll            |     5 |       ||     5
       Potion            |       |     1 ||     1
Armor: Robe              |    53 |    26 ||    79
Dodge: Dodged            |    51 |    31 ||    82
Block: Kite shield       |    67 |    43 ||   110
